 Dungeon Crawl Stone Soup version 0.25-a0-719-gde951dc (webtiles) character file.

Game seed: 638010081913828150, levelgen mode: deterministic

4 BlueFish the Magician (level 1, 0/14 HPs)
             Began as a Mummy Wizard on Apr 6, 2020.
             Slain by a bat (1 damage)
             ... on level 1 of the Dungeon.
             The game lasted 00:00:38 (65 turns).

BlueFish the Magician (Mummy Wizard)                  Turns: 65, Time: 00:00:39

Health: 0/14       AC:  2    Str: 10    XL:     1   Next: 58%
Magic:  1/5        EV: 12    Int: 17    God:
Gold:   7          SH:  0    Dex: 10    Spells: 7/8 levels left

rFire    x . .     SeeInvis .   (no weapon)
rCold    + . .     Gourm    .   (no shield)
rNeg     + + +     Faith    .   a - +0 robe
rPois    ∞         Spirit   .   b - +0 hat
rElec    .         Reflect  .   (no cloak)
rCorr    .         Harm     .   (no gloves)
MR       .....                  (no boots)
Stlth    ++........             (no amulet)
HPRegen  0.04/turn              (no ring)
MPRegen  0.09/turn              (no ring)

@: no status effects
A: no food or potions, fire vulnerability, cold resistance 1, negative energy
resistance 3, torment resistance, unbreathing
a: no special abilities


You were on level 1 of the Dungeon.
You were not hungry.

You visited 1 branch of the dungeon, and saw 1 of its levels.

You collected 7 gold pieces.

Inventory:

Hand Weapons
 c - a +0 club
Armour
 a - a +0 robe (worn)
 b - a +0 hat (worn)


   Skills:
 * Level 0.4 Fighting
 * Level 1.6 Dodging
 * Level 1.5 Stealth
 * Level 4.2 Spellcasting
 + Level 0.7 Conjurations
   Level 0.7 Summonings
   Level 0.7 Translocations


You had 7 spell levels left.
You knew the following spells:

 Your Spells              Type           Power        Failure   Level  Hunger
a - Magic Dart            Conj           #...         12%         1    N/A

Your spell library contained the following spells:

 Spells                   Type           Power        Failure   Level  Hunger
 Blink                    Tloc           N/A          17%         2    N/A
 Call Imp                 Summ           #.......     17%         2    N/A
 Slow                     Hex            #.......     24%         2    N/A
 Conjure Flame            Conj/Fire      #.......     36%         3    N/A
 Mephitic Cloud           Conj/Pois/Air  #.......     38%         3    N/A

Dungeon Overview and Level Annotations

Branches:
Dungeon (1/15)

Altars:


Innate Abilities, Weirdness & Mutations

You do not eat or drink.
Your flesh is vulnerable to fire.
You are immune to poison.
Your flesh is cold resistant. (rC+)
You are immune to negative energy. (rN+++)
You are immune to unholy pain and torment.
You can survive without breathing.


Message History

The frilled lizard bites you but does no damage.
Things that are here:
a +0 club; a goblin corpse
c - a +0 club The bat barely misses you.
The bat hits you.
* * * LOW HITPOINT WARNING * * *
The bat hits you but does no damage. The jackal closely misses you.
The frilled lizard bites you.
* * * LOW HITPOINT WARNING * * *
The bat barely misses you. The hobgoblin completely misses you.
The bat hits you.
* * * LOW HITPOINT WARNING * * *
The bat barely misses you. x2; The bat closely misses you.
The bat hits you but does no damage. The bat barely misses you.
The bat closely misses you. The bat hits you.
* * * LOW HITPOINT WARNING * * *
The bat misses you.
The bat misses you. x2; The bat hits you but does no damage. x2
The bat hits you.
You die...

#.............#...#
#.............##..##
#.............#.#..#
........<†........#..#
.#.............#.#..##
#......l......##..##
#.....g.h.....# ..#
##....bbb....## ...#
##....@....## .#.#
##.....(.## .#.#
####.#### g#.# #†..
..#.# ##..#. # . . ##
#


You could see a jackal, a hobgoblin, 3 bats and a frilled lizard.

Vanquished Creatures
  A goblin (D:1)
  2 jackals (D:1)
  A bat (D:1)
4 creatures vanquished.

Notes
Turn   | Place    | Note
-------+----------+-------------------------------------------
     0 | D:1      | BlueFish the Mummy Wizard began the quest for the Orb.
     0 | D:1      | Reached XP level 1. HP: 13/13 MP: 5/5
    65 | D:1      | Slain by a bat

Levels and vault maps discovered:
D:1:      psy_arrival_dodecagon, layout_rooms

Action                   || total
-------------------------++-------
Melee: Unarmed           ||     5
 Cast: Magic Dart        ||     8
Armor: Robe              ||    21
Dodge: Dodged            ||    56

Table legend:
 A = Non-vault XP
 B = Vault XP
 C = Vault XP percentage of total XP
 D = Non-vault monster count
 E = Vault monster count
 F = Vault count percentage of total count
                 A         B        C        D         E       F
            +---------+---------+-------+---------+---------+-------
      Total |       7 |       0 |   0.0 |       4 |       0 |   0.0
            +---------+---------+-------+---------+---------+-------
        D:1 |       7 |       0 |   0.0 |       4 |       0 |   0.0
            +---------+---------+-------+---------+---------+-------
